AoeStats
← owengold23

MegaRandom

505350109Analyzed
1v1 RM · 24d ago on Sep 9, 2026· 67m 17s· 2 players
Game mode
Random Map
Map size
Tiny (2 player)
Population
200
Speed
Normal
Resources
Standard
Victory
Conquest
Starting age
Dark Age
Ending age
Imperial Age
RankedLock teamsTeams togetherTeam positionsShared explorationLock speedFull tech treeHidden civsTurbo modeCheats
Victory
Defeat
🇦🇷 Khmer · Argentina
1695
+14
🇦🇺 Ethiopians · Australia
1653
-14
owengold23
7:11 Loom
9:38 Feudal Age
10:14 Double-Bit Axe
14:48 Fletching
15:38 Horse Collar
23:47 Castle Age
21:51 Gold Mining
22:24 Padded Archer Armor
24:43 Medium Warships
23:59 Crossbowman
24:35 Bodkin Arrow
24:56 Bow Saw
25:56 Scale Mail Armor
30:22 Chain Mail Armor
32:45 Squires
38:00 Fishing Lines
44:48 Imperial Age
43:34 Masonry
46:01 Plate Mail Armor
47:21 Chemistry
46:58 Elite Shotel Warrior
55:09 Architecture
56:27 Wheelbarrow
55:37 Town Watch
58:17 Careening
58:32 Forging
58:22 Stone Mining
59:36 Heavy Plow
(GAUCHO)BOOMMER
8:29 Feudal Age
7:49 Loom
8:59 Double-Bit Axe
12:08 Horse Collar
18:50 Fletching
22:24 Castle Age
21:54 Padded Archer Armor
22:31 Elite Skirmisher
23:10 Bodkin Arrow
23:26 Bow Saw
23:25 Town Watch
23:43 Fishing Lines
24:47 Ballistics
23:54 Demolition Ship
24:50 Medium Warships
25:30 Leather Archer Armor
27:05 Light Cavalry
27:52 Scale Barding Armor
28:22 Heavy Plow
29:32 Wheelbarrow
30:04 Husbandry
31:44 Bloodlines
35:36 Hand Cart
38:54 Imperial Age
39:40 Bracer
43:15 Chain Barding Armor
44:52 Plate Barding Armor
45:03 Conscription
49:30 Chemistry
49:05 Forging
49:22 Crossbowman
59:14 Ring Archer Armor
59:21 Iron Casting
59:55 Hussar
68:03 Crop Rotation
Connection lost

Rejoining the realm…

Still unreachable

The connection could not be restored.

Session expired

The server has moved on; the page needs a fresh start.